 Dungeon Crawl Stone Soup version 0.27.0-66-gdc8fb28755 (webtiles) character file.

Game seed: 5804578375277279699

25 Malachi the Chiller (level 2, 0/19 HPs)
             Began as a Demonspawn Ice Elementalist on Aug 20, 2021.
             Succumbed to an adder's poison
             ... on level 1 of the Dungeon.
             The game lasted 00:01:40 (1522 turns).

Malachi the Chiller (Demonspawn Ice Elementalist)   Turns: 1522, Time: 00:01:41

Health: 0/19       AC:  2    Str:  8    XL:     2   Next: 86%
Magic:  1/5        EV: 12    Int: 16    God:
Gold:   19         SH:  0    Dex: 13    Spells: 4/5 levels left

rFire    . . .     SeeInvis .   c - +0 dagger
rCold    . . .     Faith    .   (no shield)
rNeg     . . .     Spirit   .   a - +0 robe
rPois    .         Reflect  .   (no helmet)
rElec    .         Harm     .   (no cloak)
rCorr    .         Rampage  .   (no gloves)
Will     .....                  (no boots)
Stlth    ++........             (no amulet)
HPRegen  0.06/turn              (no ring)
MPRegen  0.18/turn              (no ring)

@: lethally poisoned (0 -> -8), very slightly contaminated
A: magic regeneration
a: no special abilities


You were on level 1 of the Dungeon.
You visited 1 branch of the dungeon, and saw 2 of its levels.

You collected 19 gold pieces.

Inventory:

Hand Weapons
 c - a +0 dagger (weapon)
Armour
 a - a +0 robe (worn)
Scrolls
 d - a scroll of fear


   Skills:
 + Level 0.1 Short Blades
 + Level 1.7 Dodging
 + Level 2.0 Stealth
 + Level 2.2 Spellcasting
 + Level 4.2 Ice Magic


You had 4 spell levels left.
You knew the following spells:

 Your Spells              Type           Power      Damage    Failure   Level
a - Freeze                Ice            60%        1d8       3%          1

Your spell library contained the following spells:

 Spells                   Type           Power      Damage    Failure   Level
 Frozen Ramparts          Ice            30%        1d5       11%         3
 Ozocubu's Armour         Ice            15%        N/A       11%         3
 Slow                     Hex            1%         N/A       30%         2
 Confusing Touch          Hex            1%         N/A       52%         3
 Hailstorm                Conj/Ice       8%         3d4       63%         4
 Yara's Violent Unravell  Hex/Tmut       0%         3d3       99%         5


Dungeon Overview and Level Annotations

Branches:
Dungeon (2/15)

Altars:


Innate Abilities, Weirdness & Mutations

You regenerate magic rapidly.


Message History

Casting: Freeze (safe; 3% risk of failure)
Confirm with . or Enter, or press ? or * to list all spells.
Aiming: Freeze (safe; 3% risk of failure)
Press: ? - help, Shift-Dir - straight line, f/p - adder
Aim: an adder (moderately wounded, slow)
You miscast Freeze.
You are very lightly contaminated with residual magic.
Nothing appears to happen.
You feel sick. The adder bites you but does no damage.
Casting: Freeze (safe; 3% risk of failure)
Confirm with . or Enter, or press ? or * to list all spells.
Aiming: Freeze (safe; 3% risk of failure)
Press: ? - help, Shift-Dir - straight line, f/p - adder
Aim: an adder (moderately wounded, slow)
You freeze the adder.
The adder is severely wounded.
You feel sick.
The adder is no longer moving slowly.
The adder bites you.
* * * LOW HITPOINT WARNING * * *
You are lethally poisoned!
The adder poisons you!
Casting: Freeze (safe; 3% risk of failure)
Confirm with . or Enter, or press ? or * to list all spells.
Aiming: Freeze (safe; 3% risk of failure)
Press: ? - help, Shift-Dir - straight line, f/p - adder
Aim: an adder (severely wounded)
You freeze the adder.
The adder is severely wounded.
* * * LOW HITPOINT WARNING * * *
You feel sick. The adder barely misses you.
Unknown command.
You aren't carrying any potions.
Unknown command.
Casting: Freeze (safe; 3% risk of failure)
Confirm with . or Enter, or press ? or * to list all spells.
Aiming: Freeze (safe; 3% risk of failure)
Press: ? - help, Shift-Dir - straight line, f/p - adder
Aim: an adder (severely wounded)
You freeze the adder.
You kill the adder!
You die...

#.######...####.
#......'...##...
###############...##...
#........#........##...
#.######.#.###....'....
#.#.# #.#.#..#...#####
#.#.####.#.#...........
#.#...........#.#######
#.#...@................
#.####........#.#.#####
#.#.............#.#....
#.#.##...###....#.#.###
#.#....................
#.###.###.###...#.#.#..
#.# #...........#...+..
#.##########...##.###..
#...†..........##...#..


There were no monsters in sight!

Vanquished Creatures
  An adder (D:1)
  4 bats (D:1)
  A giant cockroach (D:1)
  5 goblins (D:1)
  A hobgoblin (D:1)
  7 jackals (D:1)
  2 frilled lizards (D:1)
  3 rats (D:1)
24 creatures vanquished.

Notes
Turn   | Place    | Note
-------+----------+-------------------------------------------
     0 | D:1      | Malachi the Demonspawn Ice Elementalist began the quest for
                  | the Orb.
     0 | D:1      | Reached XP level 1. HP: 13/13 MP: 3/3
   611 | D:1      | Reached skill level 4 in Ice Magic
   611 | D:1      | Gained mutation: You regenerate magic rapidly. [demonic
                  | ancestry]
   611 | D:1      | Reached XP level 2. HP: 19/19 MP: 5/5
  1522 | D:1      | Succumbed to an adder's poison

Illustrated notes

Levels and vault maps discovered:
D:1:      evilmike_arrival_rings, layout_basic
D:2:      layout_basic, shapermc_ecumenical_altar_notcrosses,
          serial_bayou_pond_e

Skill      XL: |  1  2 |
---------------+-------+-----
Ice Magic      | 4 |  4.2
Stealth        | 2 |  2.0
Short Blades   | |  0.1
Dodging        | |  1.7
Spellcasting   | |  2.2

Action                   || total
-------------------------++-------
Melee: Dagger            ||    27
       Unarmed           ||     1
 Cast: Freeze            ||    33
  Use: Scroll            ||     1
 Stab: Sleeping          ||     4
Armor: Robe              ||    13
Dodge: Dodged            ||    36
